 Dungeon Crawl Stone Soup version 0.30-a0-743-gbfdf073431 (webtiles) character file.

Game seed: 12399308011918296117

1875 kingofthe the Sneak (level 9, -10/51 HPs)
             Began as an Octopode Conjurer on Feb 5, 2023.
             Was an Initiate of Sif Muna.
             Mangled by an orc warrior
             ... wielding a +0 long sword
              (16 damage)
             ... on level 5 of the Dungeon.
             The game lasted 00:22:05 (7694 turns).

kingofthe the Sneak (Octopode Conjurer)             Turns: 7694, Time: 00:22:06

Health: -10/51     AC:  1    Str:  6    XL:     9   Next: 14%
Magic:  12/17      EV: 15    Int: 21    God:    Sif Muna [......]
Gold:   360        SH:  3    Dex: 14    Spells: 8/19 levels left

rFire   . . .      SeeInvis +    b - +6 whip of Callousness {flame, rPois rC+ Will- SInv}
rCold   + . .      Faith    .    D - +0 buckler
rNeg    . . .      Spirit   .    (helmet restricted)
rPois   +          Reflect  .    (no amulet)
rElec   .          Harm     .    A - ring of wizardry
rCorr   .          Rampage  .    (no ring)
Will    .....                    (no ring)
Stlth   ++++                     (no ring)
HPRegen 0.28/turn                (no ring)
MPRegen 0.15/turn                (no ring)
                                 (no ring)
                                 (no ring)

@: weak-willed, hasted, very quick
A: almost no armour, amphibious, 8 rings, camouflage 1, gelatinous body 1,
(nimble swimmer 1), tentacles
a: Renounce Religion


You were on level 5 of the Dungeon.
You worshipped Sif Muna.
Sif Muna was noncommittal.
You visited 2 branches of the dungeon, and saw 7 of its levels.
You also visited: Sewer.

You collected 360 gold pieces.

Inventory:

Hand Weapons
 a - a +2 dagger of electrocution
 b - the +6 whip of Callousness (weapon) {flame, rPois rC+ Will- SInv}
   (You found it on level 4 of the Dungeon)

   rC:        It protects you from cold.
   rPois:     It protects you from poison.
   SInv:      It lets you see invisible.
   Will:      It decreases your willpower.
 y - a +2 heavy mace
Armour
 D - a +0 buckler (worn)
Jewellery
 A - a ring of wizardry (left tentacle)
Wands
 v - a wand of digging (2)
 x - a wand of light (1)
 C - a wand of mindburst (12)
Scrolls
 c - a scroll of teleportation {unknown}
 d - 2 scrolls of vulnerability
 g - 7 scrolls of identify
 h - 2 scrolls of amnesia
 i - a scroll of summoning {unknown}
 j - a scroll of enchant weapon {unknown}
 l - a scroll of fog {unknown}
 m - 2 scrolls of acquirement {unknown}
 p - 2 scrolls of noise {unknown}
 q - 2 scrolls of enchant armour
 r - 3 scrolls of fear {unknown}
 s - a scroll of poison {unknown}
 t - 2 scrolls of magic mapping {unknown}
Potions
 e - 3 potions of mutation
 f - a potion of lignification {unknown}
 k - a potion of brilliance {unknown}
 n - 3 potions of magic
 o - a potion of haste
 u - 4 potions of resistance {unknown}
 w - a potion of curing {unknown}
 z - a potion of heal wounds {unknown}
 B - a potion of flight {unknown}


   Skills:
 * Level 6.3 Dodging
 + Level 6.6 Stealth
 * Level 5.7 Spellcasting
 + Level 5.7 Conjurations
 + Level 3.4 Hexes
 + Level 3.1 Translocations


You had 8 spell levels left.
You knew the following spells:

 Your Spells              Type           Power      Damage    Failure   Level
a - Magic Dart            Conj           100%       1d8       1%          1
b - Searing Ray           Conj           60%        2d6       1%          2
c - Dazzling Flash        Conj/Hex       50%        N/A       2%          3
d - Fulminant Prism       Conj/Hex       12%        3d8       9%          4
y - Apportation           Tloc           38%        N/A       1%          1

Your spell library contained the following spells:

 Spells                   Type           Power      Damage    Failure   Level
 Hailstorm                Conj/Ice       18%        3d6       4%          3
 Freeze                   Ice            24%        1d4       6%          1
 Necrotise                Necr           24%        1d5       6%          1
 Summon Small Mammal      Summ           24%        N/A       6%          1
 Iskenderun's Mystic Bla  Conj/Tloc      24%        2d7       9%          4
 Kindle Blastsparks       Fire/Tloc/Air  20%        2d11      11%         3
 Frozen Ramparts          Ice            12%        1d2       16%         3
 Ignite Poison            Fire/Tmut/Pois 6%         N/A       16%         3
 Freezing Cloud           Conj/Ice/Air   7%         6-21      52%         5


Dungeon Overview and Level Annotations

Branches:
Dungeon (6/15)             Temple (1/1) D:6           Sewer (visited)

Altars:
Cheibriados
Dithmenos
Fedhas
Gozag
Hepliaklqana
Kikubaaqudgha
Makhleb
Okawaru
Qazlal
Ru
Sif Muna
Uskayaw
Vehumet
Wu Jian
Xom
Yredelemnul
Zin
The Shining One


Innate Abilities, Weirdness & Mutations

You cannot wear most types of armour.
You are amphibious.
You can wear up to eight rings at the same time.
Your skin changes colour to match your surroundings (Stealth+).
Your rubbery body absorbs attacks. (AC +1, EV +1)
((You are camouflaged when in or above water. (Stealth+)))
You have tentacles for arms and can constrict up to eight enemies at once.


Message History

The orc wizard is moderately wounded. (Press . to maintain the ray.)
The searing ray hits the orc warrior.
The orc warrior is lightly wounded.
The searing ray hits the orc wizard!
The orc wizard is severely wounded.
The searing ray misses the orc warrior.
The orc warrior hits you with a +0 long sword!
The orc wizard casts a spell at you. You resist with significant effort.
The orc warrior misses you.
The orc wizard points at you and mumbles some strange words.
The magic dart hits you!
The orc warrior attacks as you move away!
You block the orc warrior's attack.
The orc warrior attacks as you move away!
You block the orc warrior's attack.
Found a whip.
The orc warrior attacks as you move away!
The orc warrior hits you with a +0 long sword!
The orc warrior attacks as you move away!
The orc warrior hits you with a +0 long sword!
You open the door.
The orc wizard attacks as you move away!
The orc wizard hits you with a +3 dagger of electrocution.
* * * LOW HITPOINT WARNING * * *
The orc warrior closely misses you.
There is an open door here.
You see here an adder corpse.
There is a stone staircase leading up here.
The orc warrior hits you with a +0 long sword!
* * * LOW HITPOINT WARNING * * *
You climb upwards.
There is a stone staircase leading down here.
As you read the scroll labelled PUROGAROEQI, it crumbles to dust.
Magic quickly surges around you.
It was a scroll of vulnerability.
The orc warrior closely misses you.
You feel yourself speed up.
The orc warrior hits you with a +0 long sword!
You die...

#...##..#..##.........#
#...........#.##.####.#
##...#..#........# ##.#####
#...#..#........# #......#
#.#.#..#.....##.# #..###.#
#......##..####.# #...##.#
###.#.###.).....# #.#.##.#
#<#........o..# #.#.##.#
#.#####....@..###......# #.#
#.......##.......# #.#
#.......##.##.##.# #.#
#.......##.##.##.# #.##
#.......##....##.# #..#
######.###.#####.# ##.#
#####.###.#####.#
######.#####......##.......#
#.................##.#######


You could see an orc warrior (weak-willed).

Vanquished Creatures
  Menkaure (D:5)
  A water moccasin (D:5)
  Duvessa (D:4)
  Pargi (Sewer)
  A black bear (D:5)
  An ogre (D:4)
  4 phantoms
  A kobold brigand (D:3)
  A bullfrog (D:6)
  2 necrophages
  3 scorpions (D:5)
  Dowan (D:4)
  6 hounds
  A jelly (D:5)
  An orc priest (D:6)
  3 iguanas
  10 adders
  A white imp (D:4)
  2 ufetubi
  A worm (D:3)
  A dart slug (D:1)
  4 orcs
  5 bats
  9 endoplasms
  10 giant cockroaches
  8 goblins
  A hobgoblin (D:2)
  11 quokkas
  11 ball pythons
  3 frilled lizards
  7 kobolds
  4 rats
117 creatures vanquished.

Vanquished Creatures (others)
  3 fungi (D:2)
3 creatures vanquished.

Grand Total: 120 creatures vanquished

Notes
Turn   | Place    | Note
-------+----------+-------------------------------------------
     0 | D:1      | kingofthe the Octopode Conjurer began the quest for the
                  | Orb.
     0 | D:1      | Reached XP level 1. HP: 11/11 MP: 3/3
   324 | D:1      | Reached XP level 2. HP: 17/17 MP: 1/5
   327 | D:1      | Learned a level 2 spell: Searing Ray
   885 | D:1      | Reached XP level 3. HP: 21/21 MP: 3/6
  1604 | D:2      | Reached XP level 4. HP: 27/27 MP: 2/8
  2190 | D:2      | Found a faded altar of an unknown god.
  2232 | D:3      | Learned a level 3 spell: Dazzling Flash
  2379 | D:3      | Learned a level 1 spell: Apportation
  2391 | D:3      | Found a burning altar of Makhleb.
  2392 | D:3      | Found a sacrificial altar of Ru.
  2619 | D:3      | Noticed a kobold brigand
  2646 | D:3      | Noticed a necrophage
  2793 | D:3      | Killed a kobold brigand
  2794 | D:3      | Reached XP level 5. HP: 17/31 MP: 0/9
  2902 | D:3      | Reached skill level 1 in Hexes
  2986 | D:3      | Reached XP level 6. HP: 36/36 MP: 5/11
  3510 | D:3      | Found a hide-covered altar of Uskayaw.
  3510 | D:3      | Found a basalt altar of Yredelemnul.
  3511 | D:3      | Found a shadowy altar of Dithmenos.
  3513 | D:3      | Found an iron altar of Okawaru.
  4053 | D:4      | Found an opulent altar of Gozag.
  4053 | D:4      | Found a snail-covered altar of Cheibriados.
  4177 | D:4      | You fall into a shaft and drop 2 floors!
  4177 | D:6      | Found a staircase to the Ecumenical Temple.
  4190 | D:6      | Found a glowing drain.
  4301 | Sewer    | Entered a sewer
  4312 | Sewer    | Noticed Pargi
  4324 | Sewer    | Killed Pargi
  4582 | Temple   | Entered the Ecumenical Temple
  4634 | Temple   | Became a worshipper of Sif Muna the Loreminder
  4666 | D:6      | Reached XP level 7. HP: 41/41 MP: 0/13
  4782 | D:5      | Entered Level 5 of the Dungeon
  4787 | D:5      | Reached skill level 1 in Translocations
  4787 | D:5      | Noticed Menkaure
  4872 | D:4      | Found a hazy altar of Hepliaklqana.
  4912 | D:4      | Noticed Duvessa
  4914 | D:4      | Noticed Dowan
  4951 | D:4      | Killed Duvessa
  4952 | D:4      | Reached skill level 5 in Stealth
  4952 | D:4      | Reached skill level 5 in Conjurations
  5192 | D:4      | Killed Dowan
  5299 | D:4      | Identified the +6 whip of Callousness {flame, rPois rC+
                  | Will- SInv}
  5461 | D:4      | Reached skill level 5 in Dodging
  5461 | D:4      | Reached XP level 8. HP: 46/46 MP: 5/14
  6129 | D:5      | Learned a level 4 spell: Fulminant Prism
  6284 | D:5      | Killed Menkaure
  6285 | D:5      | Reached skill level 5 in Spellcasting
  7065 | D:5      | Reached XP level 9. HP: 39/51 MP: 4/17
  7694 | D:5      | Mangled by an orc warrior

Illustrated notes

Levels and vault maps discovered:
D:1:      dpeg_arrival_three_bigger_balls, layout_loops_ring, serial_rivers,
          chequers_serial_rivers_large_a, chequers_serial_rivers_micro_d,
          chequers_serial_rivers_large_b, chequers_serial_rivers_small_b,
          chequers_serial_rivers_micro_d
D:2:      layout_loops_ring, shapermc_ecumenical_altar_hornbeckon,
          minmay_diced_spiral
D:3:      minmay_spotlight, layout_basic, minitemple, grunt_ministairs_4
D:4:      layout_basic, gammafunk_temple_overflow_pools,
          mainiacjoe_overflow_catwalk, uniq_duvessa
D:5:      minmay_opposing_rooms, layout_loops_cross, uniq_menkaure
D:6:      layout_gridville, nicolae_ashenzari_skybound,
          minmay_temple_entry_junction, portal_sewer_entry_f,
          grunt_ministairs_14
Temple:   nicolae_temple_cloud_nine

Skill      XL: |  1  2  3  4  5  6  7  8  9 |
---------------+----------------------------+-----
Stealth        | 3 4 5 6 |  6.6
Dodging        | 3 4 5 6 |  6.3
Spellcasting   | 3 4 5 |  5.7
Hexes          | 1 2 3 |  3.4
Translocations | 1 2 3 |  3.1
Conjurations   | 5 |  5.7

Action                     |  1- 3 |  4- 6 |  7- 9 || total
---------------------------+-------+-------+-------++-------
  Melee: Mace              |     3 |     2 |       ||     5
         Constrict         |       |     2 |       ||     2
         Tentacles         |       |     1 |       ||     1
         Dagger            |       |     5 |     1 ||     6
   Cast: Magic Dart        |    63 |    87 |    49 ||   199
         Searing Ray       |     3 |    18 |    39 ||    60
  Evoke: Wand              |       |     2 |       ||     2
    Use: Scroll            |       |     4 |     1 ||     5
         Potion            |       |       |     1 ||     1
   Stab: Paralysed         |       |     2 |       ||     2
 Armour: Skin              |       |     6 |     2 ||     8
  Dodge: Dodged            |     3 |    43 |    42 ||    88
  Block: Buckler           |       |       |     2 ||     2

Table legend: (Time is in decaauts)
 A = Elapsed time spent in this place.
 B = Non-inter-level travel time spent in this place.
 C = Inter-level travel time spent in this place.
 D = Time resting spent in this place.
 E = Time spent auto-exploring this place.
 F = Levels seen in this place.
 G = Mean time per level.
                   A        B        C        D        E       F      G
               +--------+--------+--------+--------+--------+-----+--------+
         Total |   7702 |   7246 |    456 |   1029 |   5248 |   8 |  962.8 |
       Dungeon |   7377 |   6936 |    441 |    939 |   5145 |   6 | 1229.5 |
        Temple |     58 |     43 |     15 |      0 |     38 |   1 |   58.0 |
         Sewer |    266 |    266 |      0 |     90 |     65 |   1 |  266.0 |
               +--------+--------+--------+--------+--------+-----+--------+

Top non-repeatable levels by time:
     D:3: 1543 daAuts
     D:5: 1527 daAuts
     D:4: 1461 daAuts
     D:2: 1283 daAuts
     D:1: 1105 daAuts
     D:6: 455 daAuts
   Sewer: 266 daAuts
  Temple: 58 daAuts
